Map: Ever Dream LE

Players

Seither

  • Race: Terran Terran
  • Spawn Location: 1:00

Probe - Winner!

  • Race: Protoss Protoss
  • Spawn Location: 7:00

Event: DreamHack SC2 Masters 2020 Summer Oceania RoA

VOD

Have the link to the VOD?

Description

Time

  • Played on: June 24, 2020, 5:39 a.m.
  • Length: 9:49

All games in this series

Show
View Real Time Build Order
Export as new Build Order

Seither Terran 

Build Orders: Reaper Expand 

Get SALT Encoding   

  12  0:00  SCV  
  13  0:13  SCV  
  14  0:17  Supply Depot  
  14  0:25  SCV  
  15  0:38  SCV  
  15  0:40  Barracks  
  16  0:44  Refinery  
  16  0:50  SCV  
  17  1:03  SCV  
  18  1:15  SCV  
  19  1:28  Orbital Command, Reaper  
  20  1:41  Command Center  
  20  1:51  Supply Depot  
  20  2:00  Bunker  
  20  2:03  SCV  
  20  2:07  Marine  
  22  2:16  Factory  
  22  2:18  SCV  
  23  2:28  Barracks Reactor  
  23  2:30  SCV  
  23  2:31  Refinery  
  24  2:42  SCV  
  25  2:54  SCV  
  25  2:58  Orbital Command  
  26  3:03  Factory Tech Lab  
  26  3:06  SCV  
  26  3:07  Barracks  
  26  3:09  Marine x2  
  29  3:18  SCV  
  30  3:21  Barracks  
  30  3:25  Cyclone  
  33  3:28  SCV  
  33  3:32  Marine x2  
  36  3:35  SCV  
  36  3:40  SCV  
  38  3:45  Supply Depot  
  38  3:47  SCV  
  39  3:52  Marine x2  
  41  3:55  Barracks Tech Lab  
  41  3:57  SCV  
  41  3:59  SCV  
  43  4:05  Supply Depot  
  44  4:10  SCV  
  44  4:11  SCV  
  44  4:12  Barracks Tech Lab  
  44  4:13  Siege Tank, Marine x2  
  44  4:14  Marine  
  50  4:17  Stimpack  
  50  4:23  SCV x2  
  52  4:27  Supply Depot  
  52  4:33  Marine x2  
  52  4:35  Combat Shield  
  52  4:37  Marauder x2  
  58  4:39  SCV x2  
  60  4:49  Engineering Bay  
  60  4:50  Supply Depot  
  60  4:54  Marine x2  
  60  4:57  Starport, SCV x2  
  60  4:58  Factory Reactor  
  64  5:03  Refinery  
  63  5:09  SCV  
  63  5:10  Marauder x2, SCV  
  63  5:13  Supply Depot  
  69  5:15  Marine x2  
  69  5:21  Missile Turret  
  71  5:22  Terran Infantry Weapons Level 1  
  71  5:29  SCV x2  
  71  5:33  Refinery  
  71  5:35  Supply Depot  
  73  5:39  Marine x2  
  74  5:45  Medivac x2  
  74  5:46  SCV x2  
  80  5:57  Command Center  
  80  6:00  SCV x2  
  82  6:06  Marine x2  
  82  6:07  Marauder x2  
  82  6:09  Siege Tank  
  91  6:16  Supply Depot  
  91  6:17  Supply Depot  
  91  6:27  Marine x2  
  91  6:28  SCV  
  94  6:36  Supply Depot  
  94  6:38  SCV  
  94  6:39  Barracks  
  95  6:40  Barracks  
  95  6:41  Supply Depot  
  95  6:42  Siege Tank  
  95  6:43  Medivac x2  
  95  6:46  SCV  
  103  6:47  Marine  
  103  6:48  Marine  
  103  6:50  SCV  
  110  6:54  Marauder x2  
  110  6:58  Supply Depot  
  110  6:59  SCV  
  111  7:02  Concussive Shells, SCV  
  111  7:06  Missile Turret  
  112  7:10  Orbital Command  
  112  7:13  Marine x2  
  114  7:27  Barracks Reactor  
  114  7:28  Siege Tank, Barracks Tech Lab, Medivac x2  
  121  7:31  SCV x2  
  121  7:34  Orbital Command  
  123  7:39  Marauder x2, Marine x2  
  123  7:43  Supply Depot, SCV x2  
  131  7:53  Marauder  
  131  7:57  Marine  
  134  8:01  Marauder, Marine x2  
  137  8:09  Marine  
  136  8:14  Marine  
  136  8:15  Marauder, Marine  
  135  8:26  Marine  
  124  8:27  Marauder x2  
  123  8:36  Marauder  
  125  8:42  Marine x2  
  127  8:55  Marine x2  
  112  8:56  Marauder x2  
  112  9:00  Marine x2  
  112  9:01  Marauder  
  111  9:15  Marine x2  
  94  9:17  Marauder  
  76  9:26  Marine  
  76  9:27  Marauder, Marine  
Show
View Real Time Build Order
Export as new Build Order

Probe Protoss - Winner!

Build Orders: 1 Gate Expand, Phoenix Opening, Colossus Rush 

Get SALT Encoding   

  12  0:00  Probe  
  13  0:12  Probe  
  14  0:17  Pylon  
  14  0:23  Probe  
  15  0:31  Probe  
  15  0:36  Gateway  
  15  0:39  Probe  
  16  0:45  Assimilator  
  17  0:51  Probe  
  18  1:03  Probe  
  19  1:15  Probe  
  20  1:23  Cybernetics Core  
  20  1:31  Nexus  
  20  1:34  Probe  
  21  1:43  Pylon  
  21  1:46  Probe  
  22  1:49  Assimilator  
  22  1:51  Adept  
  22  1:58  Probe  
  23  2:07  Shield Battery  
  25  2:10  Probe  
  25  2:12  Adept  
  27  2:23  Probe  
  28  2:32  Stargate  
  28  2:35  Probe  
  29  2:44  Adept  
  29  2:45  Probe  
  29  2:47  Probe  
  33  2:57  Probe  
  34  2:58  Warp Gate  
  34  2:59  Probe  
  35  3:08  Probe  
  35  3:09  Probe  
  37  3:16  Probe  
  37  3:17  Phoenix  
  37  3:18  Probe  
  39  3:25  Gateway  
  39  3:26  Probe  
  41  3:27  Gateway  
  41  3:28  Probe  
  43  3:38  Pylon, Probe  
  43  3:40  Probe  
  45  3:45  Robotics Facility  
  45  3:49  Phoenix  
  45  3:51  Pylon  
  45  3:53  Probe  
  46  3:56  Probe  
  49  4:05  Probe  
  49  4:08  Assimilator, Probe  
  49  4:09  Assimilator  
  51  4:13  Phoenix  
  53  4:17  Probe  
  53  4:20  Probe, Pylon  
  55  4:29  Probe  
  56  4:33  Probe  
  56  4:36  Robotics Bay  
  57  4:41  Observer, Probe  
  57  4:45  Probe  
  60  4:46  Pylon  
  60  4:48  Phoenix  
  62  4:54  Shield Battery  
  62  4:56  Gateway x2  
  62  4:59  Twilight Council  
  62  5:03  Observer  
  62  5:07  Probe  
  62  5:08  Probe  
  65  5:17  Sentry  
  67  5:22  Colossus  
  67  5:26  Nexus, Charge, Pylon  
  67  5:30  Zealot x2  
  77  5:43  Probe  
  77  5:44  Probe  
  79  5:57  Forge  
  79  6:00  Probe x2  
  79  6:01  Pylon  
  79  6:04  Sentry  
  83  6:05  Pylon  
  83  6:06  Pylon  
  83  6:11  Colossus  
  83  6:16  Pylon  
  83  6:18  Probe x2  
  85  6:21  Sentry  
  85  6:22  Protoss Ground Armor Level 1  
  85  6:25  Zealot x3  
  99  6:37  Probe x2  
  101  6:43  Gateway  
  101  6:44  Gateway  
  101  6:48  Gateway  
  101  6:50  Probe x2  
  101  6:51  Probe  
  104  6:55  Shield Battery  
  104  7:00  Zealot x2  
  104  7:01  Zealot  
  110  7:06  Colossus  
  116  7:10  Extended Thermal Lance  
  116  7:21  Stalker x2  
  116  7:22  Stalker x2, Blink  
  123  7:26  Probe x3  
  124  7:38  Probe  
  124  7:42  Pylon  
  124  7:43  Pylon  
  125  7:44  Pylon  
  125  7:49  Zealot x4  
  133  7:53  Robotics Facility  
  131  8:03  Stalker x2  
  135  8:06  Pylon  
  135  8:08  Pylon  
  133  8:13  Stalker  
  133  8:14  Stalker, Zealot x3  
  143  8:22  Disruptor  
  139  8:29  Zealot x2  
  144  8:39  Zealot x5  
  144  8:41  Disruptor  
  141  8:59  Zealot  
  141  9:00  Zealot x6  
  139  9:06  Disruptor  
  139  9:16  Zealot  
  127  9:20  Zealot x6  
  127  9:21  Zealot  
  127  9:28  Probe x2  
Tags
 
Add a new tag
Caveats
  • Supply blocks, unpowered buildings, or Contaminate may cause inaccurate times.
  • Supply counts are checked every 10 seconds.